 Dungeon Crawl Stone Soup version 0.24-a0-422-g9eff3895ba (webtiles) character file.

Game seed: 1048832374392564436

307 Marnok the Chopper (level 6, 0/48 HPs)
             Began as a Human Fighter on June 12, 2019.
             Slain by an ogre
             ... wielding a +0 giant club
              (21 damage)
             ... on level 4 of the Dungeon.
             The game lasted 00:08:28 (3242 turns).

Marnok the Chopper (Human Fighter)                  Turns: 3242, Time: 00:08:28

Health: 0/48       AC: 10    Str: 19    XL:     6   Next: 68%
Magic:  15/15      EV:  7    Int:  8    God:
Gold:   118        SH:  9    Dex: 12    Spells: 5/5 levels left

rFire    . . .     SeeInvis .   k - +1 dagger (vamp)
rCold    . . .     Gourm    +   c - +0 shield
rNeg     . . .     Faith    .   b - +0 scale mail
rPois    .         Spirit   .   (no helmet)
rElec    .         Reflect  .   m - +2 cloak
rCorr    .         Harm     .   (no gloves)
MR       .....                  (no boots)
Stlth    ..........             n - amulet of the gourmand
HPRegen  0.16/turn              s - ring of magical power
MPRegen  0.14/turn              (no ring)

@: no status effects
A: no striking features
a: no special abilities


You were on level 4 of the Dungeon.
You were completely stuffed.

You visited 1 branch of the dungeon, and saw 4 of its levels.

You collected 118 gold pieces.

Inventory:

Hand Weapons
 a - a +0 war axe
 d - a +2 quarterstaff of chaos
 k - a +1 vampiric dagger (weapon)
 x - a +0 short sword of electrocution
Armour
 b - a +0 scale mail (worn)
 c - a +0 shield (worn)
 l - a +2 robe of cold resistance
 m - a +2 cloak (worn)
Jewellery
 n - an amulet of the gourmand (around neck)
 o - an uncursed amulet of faith
 s - a ring of magical power (left hand)
 u - an uncursed ring of teleportation
Scrolls
 g - a scroll of enchant armour
 h - 5 scrolls of teleportation
 p - a scroll of blinking {unknown}
 t - a scroll of fog {unknown}
 w - a scroll of amnesia {unknown}
Potions
 e - 3 potions of haste
 i - 2 potions of berserk rage {unknown}
 j - a potion of heal wounds
 r - 2 potions of agility {unknown}
 v - a potion of flight {unknown}
Comestibles
 f - 4 rations
 q - 11 chunks of flesh


   Skills:
 + Level 4.0 Fighting
 + Level 4.5 Axes
 + Level 3.8 Armour
 + Level 1.0 Dodging
 + Level 0.4 Stealth
 + Level 3.8 Shields


You had 5 spell levels left.
You didn't know any spells.
Your spell library contained the following spells:

 Spells                   Type           Power        Failure   Level  Hunger
 Spider Form              Tmut/Pois      #.........   100%        3    ####...
 Olgreb's Toxic Radiance  Pois           #.......     100%        4    #####..
 Iskenderun's Battlesphe  Conj/Chrm      #.......     100%        5    ######.
 Ring of Flames           Chrm/Fire      #.........   100%        7    #######


Dungeon Overview and Level Annotations

Branches:
Dungeon (4/15)
 Temple: D:4-7

Altars:


Message History

You hit the ogre.
The ogre is moderately wounded.
The ogre hits you with a +0 giant club.
You feel much better.
You hit the ogre.
The ogre is heavily wounded.
The ogre closely misses you.
You hit the ogre.
You feel better.
The ogre is heavily wounded.
The ogre hits you with a +0 giant club.
You hit the ogre.
The ogre is heavily wounded.
The ogre hits you with a +0 giant club!
Your shield prevents you from hitting the ogre.
The ogre is heavily wounded.
The ogre hits you with a +0 giant club!
You hit the ogre.
The ogre is severely wounded.
The ogre hits you with a +0 giant club!!
You die...

##.##.....#
###..#.....# #
#.....รท..### ..
###......## ## ...
###......###.#...
####........##...... #
#.#...#........#
.##.###.##.......##
.....#..###..##.@.#
........# #.####.O...#
........###.##..#...##
.......###.....# #.##
.......#.......#....
.......#.........#...
.......##......## #..
..........#..#..# ...
..........#..#.#


You could see an ogre.

Vanquished Creatures
  A scorpion (D:4)
  Crazy Yiuf (D:2)
  Jessica (D:2)
  2 orc wizards (D:4)
  2 worker ants (D:4)
  4 adders
  A worm (D:3)
  2 dart slugs (D:3)
  4 orcs (D:4)
  10 bats
  2 giant cockroaches (D:1)
  7 goblins
  5 hobgoblins
  3 jackals (D:2)
  10 kobolds
  A quokka (D:4)
  3 frilled lizards
  A leopard gecko skeleton (D:4)
  4 rats
64 creatures vanquished.

Notes
Turn   | Place    | Note
-------+----------+-------------------------------------------
     0 | D:1      | Marnok the Human Fighter began the quest for the Orb.
     0 | D:1      | Reached XP level 1. HP: 18/18 MP: 1/1
   142 | D:1      | Reached XP level 2. HP: 22/24 MP: 2/2
   340 | D:2      | Noticed Jessica
   776 | D:2      | Killed Jessica
   776 | D:2      | Reached XP level 3. HP: 29/29 MP: 3/3
   828 | D:2      | Reached XP level 4. HP: 35/35 MP: 4/4
  1230 | D:2      | Found a runed translucent door.
  1231 | D:2      | Noticed Crazy Yiuf
  1494 | D:2      | Killed Crazy Yiuf
  1494 | D:2      | Reached XP level 5. HP: 6/41 MP: 5/5
  2996 | D:4      | Reached XP level 6. HP: 45/48 MP: 6/6
  3086 | D:4      | Identified the Papyrus of Poisoning and Protection
  3195 | D:4      | Reached skill level 1 in Dodging
  3230 | D:4      | Noticed an ogre
  3242 | D:4      | Slain by an ogre

Levels and vault maps discovered:
D:1:      dpeg_arrival_snail, layout_loops_ring
D:2:      layout_rooms, uniq_jessica, uniq_crazy_yiuf_cottage
D:3:      layout_loops_corners, first_ration
D:4:      layout_cave_pools

Skill      XL: |  1  2  3  4  5  6 |
---------------+-------------------+-----
Axes           | 3 4 |  4.5
Fighting       | 4 |  4.0
Dodging        | 1 |  1.0
Armour         | |  3.8
Stealth        | |  0.4
Shields        | |  3.8

Action                   |  1- 3 |  4- 6 || total
-------------------------+-------+-------++-------
Melee: War axe           |    62 |   124 ||   186
       Dagger            |       |    20 ||    20
  Use: Potion            |       |     5 ||     5
       Scroll            |       |     6 ||     6
  Eat: Chunk             |       |    20 ||    20
Armor: Scale mail        |    52 |    68 ||   120
Dodge: Dodged            |    27 |    46 ||    73
Block: Shield            |    54 |    87 ||   141

Table legend:
 A = Non-vault XP
 B = Vault XP
 C = Vault XP percentage of total XP
 D = Non-vault monster count
 E = Vault monster count
 F = Vault count percentage of total count
                 A         B        C        D         E       F
            +---------+---------+-------+---------+---------+-------
      Total |     361 |      78 |  17.8 |      62 |       2 |   3.1
            +---------+---------+-------+---------+---------+-------
        D:1 |      24 |       0 |   0.0 |      14 |       0 |   0.0
        D:2 |      54 |      78 |  59.1 |      19 |       2 |   9.5
        D:3 |      31 |       0 |   0.0 |      16 |       0 |   0.0
        D:4 |     252 |       0 |   0.0 |      13 |       0 |   0.0
            +---------+---------+-------+---------+---------+-------
